 Dungeon Crawl Stone Soup version 0.31-a0-801-gc67433417a (webtiles) character file.

Game seed: 9067261887348818214

5 GordonOverkill the Sneak (level 1, 0/13 HPs)
             Began as a Deep Elf Delver on Sept 20, 2023.
             Slain by an orc
             ... wielding a +0 falchion
              (3 damage)
             ... on level 6 of the Dungeon.
             The game lasted 00:00:53 (233 turns).

GordonOverkill the Sneak (Deep Elf Delver)           Turns: 233, Time: 00:00:53

Health: 0/13       AC:  3    Str:  9    XL:     1   Next: 66%
Magic:  3/3        EV: 12    Int: 14    God:
Gold:   0          SH:  0    Dex: 16    Spells: 0/0 levels left

rFire   x . .        i - +8 mace "Beceletz" {venom, rElec rPois rF- rCorr}
rCold   . . .        (no shield)
rNeg    . . .        b - +0 leather armour
rPois   +            (no helmet)
rElec   +            (no cloak)
rCorr   +            (no gloves)
SInv    .            (no boots)
Will    .....        (no amulet)
Stlth   +++          (no ring)
HPRegen 0.22/turn    (no ring)
MPRegen 0.08/turn

%: no passive effects
@: lethally poisoned (0 -> -3)
A: no striking features
a: no special abilities


You were on level 6 of the Dungeon.
You visited 1 branch of the dungeon, and saw 3 of its levels.

Inventory:

Hand Weapons
 a - a +0 short sword
 i - the +8 mace "Beceletz" (weapon) {venom, rElec rPois rF- rCorr}
   (You found it on level 4 of the Dungeon)

   rF-:       It makes you vulnerable to fire.
   rElec:     It insulates you from electricity.
   rPois:     It protects you from poison rCorr: It protects you from acid and
   corrosion.
Armour
 b - a +0 leather armour (worn)
Wands
 g - a wand of digging (3)
Scrolls
 c - a scroll of fog
 d - a scroll of revelation
 e - a scroll of fear
Potions
 f - a potion of haste
 h - a potion of cancellation {unknown}


   Skills:
 + Level 2.7 Fighting
 - Level 2.0 Short Blades
 + Level 0.0 Maces & Flails
 - Level 2.4 Dodging
 - Level 6.0 Stealth


You couldn't memorise any spells.
You didn't know any spells.
Your spell library was empty.

Dungeon Overview and Level Annotations

Branches:
Dungeon (6/15)
 Temple: D:4-7

Altars:


Message History

You hit the quokka.
You kill the quokka!
You start resting.
HP restored.
Things that are here:
a +0 short sword; an orc corpse You open the door.
Found a leather armour and a fading mace.
There is an open door here.
You see here a +0 leather armour.
You see here the +8 mace "Beceletz" {venom, rElec rPois rF- rCorr}.
i - the +8 mace "Beceletz" {venom, rElec rPois rF- rCorr} The +8 mace "Beceletz" {venom, rElec rPois rF- rCorr} begins to drip with poison!
i - the +8 mace "Beceletz" (weapon)
{venom, rElec rPois rF- rCorr} You see here a +0 leather armour.
There is an open door here.
There is a stone staircase leading down here.
You climb downwards.
There is a stone staircase leading up here.
You see here a +0 club.
There is a stone staircase leading down here.
You climb downwards.
You hear the sound of rushing water.
There is an entrance to a sewer on this level.
Hurry and find it before the portal rusts away!
You hear the rusting of a very distant drain.
There is a stone staircase leading up here.
Found 14 gold pieces.
The orc shouts! x3
The orc hits you with a +0 falchion.
* * * LOW HITPOINT WARNING * * *
You closely miss the orc. The orc hits you with a +0 falchion.
* * * LOW HITPOINT WARNING * * *
The orc closely misses you. The orc attacks as it pursues you!
The orc closely misses you. The orc hits you but does no damage.
You are lethally poisoned!
There is a stone staircase leading up here.
* * * LOW HITPOINT WARNING * * *
You feel sick. The orc closely misses you. The orc hits you with a +0 falchion.
You die...

#### ###...##
###......###
###..........#
##.............
##..............
................
........@o......
.......oo.......
................
#.....$...W.....
##.....[........
#..............
##.............
##............
##..$.......


You could see a phantom and 3 orcs.

Vanquished Creatures
  2 orcs
  A quokka (D:4)
3 creatures vanquished.

Notes
Turn   | Place    | Note
-------+----------+-------------------------------------------
     0 | D:5      | GordonOverkill the Deep Elf Delver began the quest for the
                  | Orb.
     0 | D:5      | Reached XP level 1. HP: 13/13 MP: 3/3
     1 | D:6      | Noticed a phantom
   202 | D:4      | Identified the +8 mace "Beceletz" {venom, rElec rPois rF-
                  | rCorr}
   233 | D:6      | Slain by an orc

Illustrated notes

Levels and vault maps discovered:
D:4:      layout_basic
D:5:      old_forge, layout_basic, lemuel_coloured_pillars_altar,
          nicolae_shop_sticking_my_neck_out, uniq_edmund
D:6:      layout_cave_pods, portal_sewer_entry_b

Action                     || total
---------------------------++-------
  Melee: Short sword       ||    12
         Mace              ||     1
   Stab: Sleeping          ||     1
 Armour: Leather armour    ||    10
  Dodge: Dodged            ||     8

Table legend: (Time is in decaauts)
 A = Elapsed time spent in this place.
 B = Non-inter-level travel time spent in this place.
 C = Inter-level travel time spent in this place.
 D = Time resting spent in this place.
 E = Time spent auto-exploring this place.
 F = Levels seen in this place.
 G = Mean time per level.
                   A        B        C        D        E       F      G
               +--------+--------+--------+--------+--------+-----+--------+
         Total |    232 |    214 |     18 |     37 |      0 |   3 |   77.3 |
       Dungeon |    232 |    214 |     18 |     37 |      0 |   3 |   77.3 |
               +--------+--------+--------+--------+--------+-----+--------+

Top non-repeatable levels by time:
     D:5: 148 daAuts
     D:4: 76 daAuts
     D:6: 7 daAuts
